 Seeded DCSS version 0.29.1-2-gbd0b4ee654 (webtiles) character file.

Game seed: 3311 (custom seed)

105 Ashen the Firebug (level 4, -5/30 HPs)
             Began as a Demonspawn Fire Elementalist on Oct 28, 2022.
             Killed from afar by an orc wizard (6 damage)
             ... with a magic dart
             ... on level 3 of the Dungeon.
             The game lasted 00:04:19 (3184 turns).

Ashen the Firebug (Demonspawn Fire Elementalist)    Turns: 3184, Time: 00:04:20

Health: -5/30      AC:  3    Str:  9    XL:     4   Next: 53%
Magic:  1/7        EV: 12    Int: 18    God:
Gold:   162        SH:  0    Dex: 13    Spells: 5/8 levels left

rFire   . . .      SeeInvis .   f - +0 short sword (venom)
rCold   . . .      Faith    .   (no shield)
rNeg    . . .      Spirit   .   j - +0 leather armour
rPois   .          Reflect  .   (no helmet)
rElec   .          Harm     .   (no cloak)
rCorr   .          Rampage  .   (no gloves)
Will    .....                   (no boots)
Stlth   +.........              (no amulet)
HPRegen 0.10/turn               (no ring)
MPRegen 0.10/turn               (no ring)

@: confused
A: sturdy frame 2, fangs 1, deterioration 1
a: no special abilities


You were on level 3 of the Dungeon.
You visited 1 branch of the dungeon, and saw 3 of its levels.

You collected 162 gold pieces.

Inventory:

Hand Weapons
 f - a +0 short sword of venom (weapon)
Armour
 j - a +0 leather armour (worn)
Scrolls
 a - a scroll of enchant armour {unknown}
 d - a scroll of teleportation {unknown}
 i - a scroll of identify {unknown}
 k - a scroll of fear {unknown}
 l - a scroll of noise {unknown}
Potions
 b - a potion of magic
 e - a potion of heal wounds {unknown}
 g - 2 potions of attraction {unknown}
 h - 2 potions of resistance {unknown}


   Skills:
 + Level 2.4 Dodging
 + Level 2.5 Stealth
 + Level 2.6 Spellcasting
 + Level 2.0 Conjurations
 + Level 3.2 Fire Magic


You had 5 spell levels left.
You knew the following spells:

 Your Spells              Type           Power      Damage    Failure   Level
a - Foxfire               Conj/Fire      48%        2x1d6     5%          1
b - Scorch                Fire           28%        2d6       7%          2

Your spell library contained the following spells:

 Spells                   Type           Power      Damage    Failure   Level
 Conjure Flame            Conj/Fire      12%        6-21      17%         3
 Inner Flame              Hex/Fire       8%         N/A       26%         3
 Frozen Ramparts          Ice            4%         1d1       45%         3
 Flame Wave               Conj/Fire      12%        2d6       50%         4
 Ice Form                 Ice/Tmut       2%         N/A       86%         4
 Summon Ice Beast         Ice/Summ       2%         N/A       86%         4


Dungeon Overview and Level Annotations

Branches:
Dungeon (3/15)

Altars:

Annotations:
D:2 1 runed translucent door, Crazy Yiuf


Innate Abilities, Weirdness & Mutations

Your movements are less encumbered by armour. (ER -4)
You have very sharp teeth.
Your body sometimes deteriorates upon taking damage.


Message History

The orc shouts!
You hear a shout!
The foxfire hits something but does no damage.
The foxfire hits something.
An orc comes into view. It is wielding a +0 hand axe.
You see here a rat corpse.
There is an escape hatch in the floor here.
You conjure some foxfire!
You miss something.
The foxfire hits something.
The foxfire hits something but does no damage.
Something hits you.
You conjure some foxfire!
Something hits you.
You miss something.
The foxfire hits something.
The foxfire hits the orc.
The orc is moderately wounded.
Something hits you. The orc barely misses you.
You hit the orc but do no damage.
The orc is poisoned.
Something hits you. The orc misses you. The orc hits you with a +0 short sword.
The orc closely misses you.
You hear some strange, mumbled words.
You are confused.
The orc hits you with a +0 short sword.
You miss the orc. Something hits you but does no damage. The orc misses you.
The orc barely misses you.
Unknown command.
The orc attacks as you move away! The orc misses you.
The orc looks more healthy.
Something hits you. The orc hits you with a +0 hand axe.
* * * LOW HITPOINT WARNING * * *
You bump into the rock wall.
You hear some strange, mumbled words.
A puff of flame appears from out of thin air!
The puff of flame hits you!
* * * LOW HITPOINT WARNING * * *
The orc misses you. The orc hits you with a +0 short sword.
* * * LOW HITPOINT WARNING * * *
It was a potion of mutation.
You feel extremely strange.
You feel yourself wasting away.
Your teeth lengthen and sharpen.
You hear some strange, mumbled words.
A magic dart appears from out of thin air!
The magic dart hits you.
You die...

.. .# #........ #.
.####........
#.#.#...........
####.r.####........
#..#####.####....##
##.......# #....#
######........#
#....#
#....#.######.#
#....#
.#.....o@......#
#....#
........{o.####.#
#....# ########.#.#
#.##########
#.......#.#
#........... #
#######>#.#
#.########## ..
#.......#.# #.#
#....# #.
#.###..†#.# #.#
#..o.# ## #.
.#.....#.# #.#
#....# .##
#.###.####..# ###
#.o..#


You could see 2 orcs.

Vanquished Creatures
  2 orc wizards (D:3)
  A worm (D:2)
  3 dart slugs
  8 endoplasms
  3 giant cockroaches
  5 hobgoblins
  4 jackals (D:2)
  A quokka (D:2)
  6 ball pythons
  3 bats (D:1)
  A frilled lizard (D:1)
  2 goblins (D:1)
  2 kobolds
  3 rats
44 creatures vanquished.

Vanquished Creatures (others)
  117 foxfires
117 creatures vanquished.

Grand Total: 161 creatures vanquished

Notes
Turn   | Place    | Note
-------+----------+-------------------------------------------
     0 | D:1      | Ashen the Demonspawn Fire Elementalist began the quest for
                  | the Orb.
     0 | D:1      | Reached XP level 1. HP: 13/13 MP: 3/3
   482 | D:1      | Gained mutation: Your movements are slightly less
                  | encumbered by armour. (ER -2) [demonic ancestry]
   482 | D:1      | Reached XP level 2. HP: 19/19 MP: 0/5
  1658 | D:2      | Gained mutation: Your movements are less encumbered by
                  | armour. (ER -4) [demonic ancestry]
  1658 | D:2      | Reached XP level 3. HP: 22/24 MP: 1/6
  1736 | D:2      | Found a runed translucent door.
  1737 | D:2      | Noticed Crazy Yiuf
  1762 | D:2      | Found a faded altar of an unknown god.
  1887 | D:2      | Reached skill level 3 in Fire Magic
  2052 | D:2      | Learned a level 2 spell: Scorch
  3116 | D:3      | Reached XP level 4. HP: 25/30 MP: 2/7
  3183 | D:3      | HP: 1/30 [orc/+0 short sword (1)]
  3184 | D:3      | Gained mutation: Your body sometimes deteriorates upon
                  | taking damage. [potion of mutation]
  3184 | D:3      | Gained mutation: You have very sharp teeth. [potion of
                  | mutation]
  3184 | D:3      | Killed from afar by an orc wizard

Illustrated notes

Levels and vault maps discovered:
D:1:      amcnicky_arrival_flooded_fountain, layout_loops_corners
D:2:      layout_basic, shapermc_ecumenical_altar_petra,
          nicolae_figureground_sparkle, uniq_crazy_yiuf_cottage
D:3:      layout_basic, nicolae_sif_muna_little_library,
          mainiacjoe_overflow_paths, serial_co_window_serial,
          co_window_of_opportunity_a, co_window_corner_a, co_window_paths_a,
          co_window_of_opportunity_a, co_window_of_opportunity_a,
          co_window_cross_3, co_window_unsneaky_path_c, co_window_corner_b,
          co_window_cross_4, co_window_unsneaky_path_c,
          co_window_of_opportunity_c, co_window_paths_d, glass_columns_a,
          glass_columns_a, glass_columns_a, glass_columns_c, glass_columns_b

Skill      XL: |  1  2  3  4 |
---------------+-------------+-----
Stealth        | 2 |  2.5
Dodging        | 2 |  2.4
Fire Magic     | 3 |  3.2
Conjurations   | 2 |  2.0
Spellcasting   | |  2.6

Action                   |  1- 3 |  4- 6 || total
-------------------------+-------+-------++-------
Melee: Unarmed           |    15 |       ||    15
       Short sword       |    35 |     4 ||    39
       Punch             |     1 |       ||     1
 Cast: Foxfire           |    59 |     8 ||    67
  Use: Potion            |       |     1 ||     1
 Stab: Sleeping          |     1 |       ||     1
Armor: Robe              |     4 |       ||     4
       Leather armour    |     3 |     1 ||     4
Dodge: Dodged            |    27 |     7 ||    34
